 Dungeon Crawl Stone Soup version 0.31-a0-1338-gb567cfdca4 (webtiles) character file.

Game seed: 16256264613058719261

951 jestert79 the Skirmisher (level 8, -6/48 HPs)
             Began as a Kobold Hunter on Dec 21, 2023.
             Mangled by an iguana (11 damage)
             ... on level 5 of the Dungeon.
             The game lasted 00:11:17 (4788 turns).

jestert79 the Skirmisher (Kobold Hunter)            Turns: 4788, Time: 00:11:17

Health: -6/48      AC:  5    Str:  8    XL:     8   Next: 36%
Magic:  8/8        EV: 17    Int: 10    God:
Gold:   210        SH:  0    Dex: 21    Spells: 7/7 levels left

rFire   . . .        a - +0 shortbow
rCold   . . .        (shield currently unavailable)
rNeg    . . .        c - +0 leather armour
rPois   .            g - +0 helmet
rElec   .            k - +0 cloak
rCorr   .            (no gloves)
SInv    .            (no boots)
Will    .....        (no amulet)
Stlth   ++++         f - ring of flight
HPRegen 0.28/turn    t - ring of wizardry
MPRegen 0.11/turn

%: wizardry (x1)
@: flying
A: small, no large weapons, nightstalker 3
a: no special abilities


You were on level 5 of the Dungeon.
You visited 1 branch of the dungeon, and saw 6 of its levels.

You collected 210 gold pieces.

Inventory:

Hand Weapons
 a - a +0 shortbow (weapon)
Missiles
 q - 6 poisoned darts
Armour
 c - a +0 leather armour (worn)
 g - a +0 helmet (worn)
 k - a +0 cloak (worn)
Jewellery
 f - a ring of flight (left hand)
 j - a ring of ice
 t - a ring of wizardry (right hand)
Wands
 d - a wand of iceblast (2)
 h - a wand of flame (8)
Scrolls
 b - a scroll of butterflies
 l - a scroll of teleportation
 o - a scroll of identify
 r - a scroll of vulnerability {unknown}
 s - a scroll of silence {unknown}
Potions
 e - a potion of heal wounds {unknown}
 i - a potion of lignification
 m - a potion of mutation
 n - a potion of magic
 p - a potion of might


   Skills:
 + Level 4.5 Fighting
 + Level 10.5 Ranged Weapons
 + Level 4.9 Dodging
 - Level 4.0 Stealth


You had 7 spell levels left.
You didn't know any spells.
Your spell library contained the following spells:

 Spells                   Type           Power      Damage    Failure   Level
 Necrotise                Necr           0%         1d4       22%         1
 Sandblast                Erth           0%         2d4       22%         1
 Cigotuvi's Dreadful Rot  Necr/Alch/Air  0%         N/A       32%         2
 Passwall                 Alch/Erth      0%         N/A       32%         2
 Stone Arrow              Conj/Erth      0%         3d7       52%         3
 Vampiric Draining        Necr           0%         2d6       52%         3
 Animate Armour           Summ/Erth      0%         N/A       89%         4
 Brom's Barrelling Bould  Conj/Erth      0%         2d3       89%         4
 Ignite Poison            Fire/Alch      0%         N/A       89%         4
 Summon Lightning Spire   Summ/Air       0%         N/A       89%         4
 Agony                    Necr           0%         N/A       99%         5
 Freezing Cloud           Conj/Ice/Air   0%         6-21      99%         5
 Lee's Rapid Deconstruct  Erth           0%         3d4*      99%         5


Dungeon Overview and Level Annotations

Branches:
Dungeon (6/15)
 Temple: D:4-7

Altars:
Qazlal
Sif Muna
Vehumet
The Shining One

Shops:
D:1 :

Annotations:
D:5 1 runed translucent door, Crazy Yiuf


Innate Abilities, Weirdness & Mutations

You are small and have problems with some larger weapons.
You are completely attuned to the shadows.


Message History

A wyvern is nearby!
A wyvern is nearby!
Aiming: Iceblast
Press: ? - help, Shift-Dir - straight line, f - wyvern
Aim: a wyvern (wandering, hasn't noticed you)
The mass of ice explodes!
The iceblast engulfs the wyvern!
The wyvern is moderately wounded.
The wyvern hisses angrily.
You hear an angry hiss.
You shoot an arrow. The arrow hits the wyvern.
The wyvern is heavily wounded.
You shoot an arrow. The arrow closely misses the wyvern.
The wyvern bites you. The wyvern bites you!
You shoot an arrow. The arrow completely misses the wyvern.
The wyvern barely misses you.
You shoot an arrow. The arrow hits the wyvern.
The wyvern is almost dead.
The wyvern bites you. The wyvern misses you.
You shoot an arrow. The arrow hits the wyvern!
You kill the wyvern!
The iguana bites you!
You see here a wyvern corpse.
You are too injured to fight recklessly!
You are too injured to fight recklessly!
You are too injured to fight recklessly!
You shoot an arrow. The arrow hits the iguana.
The iguana is moderately wounded.
The iguana barely misses you.
You shoot an arrow. The arrow hits the iguana.
The iguana is heavily wounded.
The iguana bites you!
You shoot an arrow. The arrow hits the iguana.
The iguana is almost dead.
The iguana bites you!
* * * LOW HITPOINT WARNING * * *
You shoot an arrow. The arrow hits the iguana.
The iguana is almost dead.
The iguana bites you.
* * * LOW HITPOINT WARNING * * *
You shoot an arrow. The arrow closely misses the iguana.
The iguana bites you!
You die...

#####.#.# .k.# #.>.# ...# ###.#
#..# #.# #..#..#..#..#..# #.#
#.....#.....#..# #.# #.... #....
#..###
#.####################..#..
#######.......................#.#
................@l............#.#
#...########################..#.#
#....)..# ....# ....# ....#..#.#
#...###.# .....#.....#.....#..#.#
##'## #.# ###..#..#..#..#..#..#.#
#.# #.# #..#.# #.# #.# #.# #.#
#.# #.# ##.# #.# #.#


You could see an iguana.

Vanquished Creatures
  Grinder (D:3)
  A wyvern (D:5)
  Duvessa (D:5)
  A phantom (D:4)
  A scorpion (D:4)
  Dowan (D:5)
  2 hounds
  Jessica (D:2)
  An iguana (D:5)
  2 orc wizards
  Ijyb (D:3)
  2 adders (D:5)
  2 bombardier beetles
  2 worms
  6 dart slugs
  10 orcs
  3 ball pythons
  2 bats
  10 endoplasms
  7 giant cockroaches
  7 goblins
  5 hobgoblins
  7 jackals
  7 quokkas
  7 frilled lizards
  3 kobolds
  5 rats
98 creatures vanquished.

Notes
Turn   | Place    | Note
-------+----------+-------------------------------------------
     0 | D:1      | jestert79 the Kobold Hunter began the quest for the Orb.
     0 | D:1      | Reached XP level 1. HP: 12/12 MP: 1/1
   301 | D:1      | Reached XP level 2. HP: 17/17 MP: 2/2
   411 | D:1      | Found Rurhulemp's Book Boutique.
   434 | D:1      | Reached skill level 6 in Ranged Weapons
   438 | D:1      | Reached XP level 3. HP: 21/21 MP: 3/3
  1053 | D:2      | Noticed Jessica
  1056 | D:2      | Killed Jessica
  1057 | D:2      | Reached XP level 4. HP: 12/26 MP: 4/4
  1653 | D:3      | Reached skill level 7 in Ranged Weapons
  1738 | D:3      | Reached XP level 5. HP: 30/30 MP: 5/5
  1821 | D:3      | Noticed Ijyb
  1825 | D:3      | Noticed Grinder
  1888 | D:3      | Found a glowing golden altar of the Shining One.
  2175 | D:3      | Killed Ijyb
  2309 | D:3      | Paralysed by Grinder for 5 turns
  2321 | D:3      | Killed Grinder
  2322 | D:3      | Reached skill level 9 in Ranged Weapons
  2322 | D:3      | Reached XP level 6. HP: 19/35 MP: 6/6
  2528 | D:3      | Found a stormy altar of Qazlal.
  2533 | D:3      | Found a shimmering blue altar of Sif Muna.
  2657 | D:3      | Found a faded altar of an unknown god.
  2658 | D:3      | Found a radiant altar of Vehumet.
  2893 | D:4      | Reached XP level 7. HP: 31/40 MP: 7/7
  3502 | D:5      | Entered Level 5 of the Dungeon
  3735 | D:5      | Noticed Duvessa
  3738 | D:5      | Noticed Dowan
  3745 | D:5      | Killed Duvessa
  3746 | D:5      | Reached skill level 10 in Ranged Weapons
  3751 | D:5      | Killed Dowan
  3891 | D:5      | Found a runed translucent door.
  3894 | D:5      | Noticed Crazy Yiuf
  3993 | D:5      | Reached XP level 8. HP: 48/48 MP: 8/8
  4386 | D:5      | Noticed a wyvern
  4464 | D:6      | Noticed a yak
  4464 | D:6      | Noticed a yak
  4782 | D:5      | Killed a wyvern
  4788 | D:5      | Mangled by an iguana

Illustrated notes

Levels and vault maps discovered:
D:1:      amcnicky_arrival_wind_blow, layout_basic, serial_shops, shop,
          dreamdust_mushroom_princess, chequers_arboretum, minmay_pentomino_u2
D:2:      layout_rooms, minmay_misc_feat_doors, minmay_liquid_box,
          serial_bayou_lake_a, uniq_jessica
D:3:      layout_basic, mainiacjoe_overflow_brackets,
          nicolae_overflow_ecumenical_swirl, mainiacjoe_overflow_big_doors,
          nicolae_concentric_dashed_squares_wild, uniq_ijyb, uniq_grinder
D:4:      layout_cave_pools
D:5:      kennysheep_windowed_halls, layout_basic, uniq_crazy_yiuf_cottage,
          uniq_duvessa
D:6:      layout_rooms, kennysheep_mini_moat, nicolae_shop_sticking_my_neck_out

Skill      XL: |  1  2  3  4  5  6  7  8 |
---------------+-------------------------+-----
Stealth        | 2 3 4 |  4.0
Ranged Weapons | 6 7 9 10 | 10.5
Dodging        | 3 4 |  4.9
Fighting       | 3 4 |  4.5

Action                     |  1- 3 |  4- 6 |  7- 9 || total
---------------------------+-------+-------+-------++-------
  Melee: Shortbow          |       |       |     1 ||     1
   Fire: Shortbow          |    63 |   128 |   139 ||   330
  Evoke: Wand              |       |     5 |     1 ||     6
    Use: Scroll            |       |     6 |     6 ||    12
         Potion            |       |     1 |     1 ||     2
 Armour: Leather armour    |     7 |    26 |    45 ||    78
         Skin              |       |     7 |       ||     7
  Dodge: Dodged            |    13 |    32 |    46 ||    91

Table legend: (Time is in decaauts)
 A = Elapsed time spent in this place.
 B = Non-inter-level travel time spent in this place.
 C = Inter-level travel time spent in this place.
 D = Time resting spent in this place.
 E = Time spent auto-exploring this place.
 F = Levels seen in this place.
 G = Mean time per level.
                   A        B        C        D        E       F      G
               +--------+--------+--------+--------+--------+-----+--------+
         Total |   4782 |   4612 |    170 |    710 |   3154 |   6 |  797.0 |
       Dungeon |   4782 |   4612 |    170 |    710 |   3154 |   6 |  797.0 |
               +--------+--------+--------+--------+--------+-----+--------+

Top non-repeatable levels by time:
     D:5: 1259 daAuts
     D:3: 1089 daAuts
     D:1: 1017 daAuts
     D:4: 785 daAuts
     D:2: 626 daAuts
     D:6: 3 daAuts
